 Dungeon Crawl Stone Soup version 0.17.0-28-g6e173f8 (webtiles) character file.

260 lucasterio the Ruffian (level 5, -5/48 HPs)
             Began as a Minotaur Monk on Dec 1, 2015.
             Was a Believer of Makhleb.
             Killed by nerve-wracking pain
             ... invoked by Grinder
              (13 damage)
             ... on level 4 of the Dungeon.
             The game lasted 00:10:53 (3144 turns).

lucasterio the Ruffian (Minotaur Monk)              Turns: 3144, Time: 00:10:53

Health: -5/48      AC:  4    Str: 16    XL:     5   Next: 95%
Magic:  4/4        EV: 13    Int:  7    God:    Makhleb [**....]
Gold:   146        SH:  0    Dex: 13    Spells: 0 memorised, 4 levels left

rFire  . . .     SeeInvis .       - Unarmed
rCold  . . .     Clarity  .     h - +0 leather armour (curse)
rNeg   . . .     SustAt   .     (no shield)
rPois  .         Gourm    .     (helmet restricted)
rElec  .         Spirit   .     (no cloak)
rCorr  .         Warding  .     y - +0 pair of gloves
rMut   .         Stasis   .     (no boots)
MR     .....                    (no amulet)
Stlth  +.........               (no ring)
                                (no ring)

@: not resistant to hostile enchantments, very unstealthy
A: retaliatory headbutt, horns 2
a: Minor Destruction, Renounce Religion


You were on level 4 of the Dungeon.
You worshipped Makhleb.
Makhleb was pleased with you.
You were not hungry.

You visited 1 branch of the dungeon, and saw 4 of its levels.

You collected 146 gold pieces.

Inventory:

Hand Weapons
 g - a +2 short sword of protection
 p - a +0 hunting sling
Missiles
 q - 33 sling bullets
 r - 77 stones (quivered)
Armour
 a - a +0 robe
 h - a cursed +0 leather armour (worn)
 y - a +0 pair of gloves (worn)
Jewellery
 n - an uncursed ring of ice {unknown}
Scrolls
 e - 2 scrolls of teleportation {unknown}
 i - a scroll of remove curse {unknown}
 j - 4 scrolls of identify {unknown}
 m - 2 scrolls of random uselessness {unknown}
 t - a scroll of blinking {unknown}
 v - 2 scrolls of magic mapping {unknown}
Potions
 c - a potion of invisibility {unknown}
 d - a potion of curing {unknown}
 f - a potion of brilliance {unknown}
 o - 2 potions of degeneration {unknown}
 s - a potion of cancellation {unknown}
 w - a potion of heal wounds {unknown}
Comestibles
 b - 2 bread rations
 k - 3 fruits
 l - a meat ration
 x - a slice of pizza


   Skills:
 + Level 5.4 Fighting
 - Level 3.2 Dodging
 - Level 1.5 Stealth
 * Level 6.7 Unarmed Combat
 + Level 1.3 Invocations


You had 4 spell levels left.
You didn't know any spells.

Dungeon Overview and Level Annotations

Branches:
Dungeon (4/15)
 Temple: D:4-7

Altars:
Kikubaaqudgha
Makhleb
Okawaru
The Shining One

Annotations:
D:4 Grinder


Innate Abilities, Weirdness & Mutations

You reflexively headbutt those who attack you in melee.
You have a pair of horns on your head.


Message History

You hit Grinder but do no damage. Your headbutt misses Grinder.
Grinder is moderately wounded.
Grinder hits you!
* * * LOW HITPOINT WARNING * * *
You writhe in agony.
* * * LOW HITPOINT WARNING * * *
You are too injured to fight recklessly!
You are too injured to fight recklessly!
You are too injured to fight recklessly!
You are too injured to fight recklessly!
You are too injured to fight recklessly!
You are too injured to fight recklessly!
You hit Grinder.
Grinder is moderately wounded.
Grinder hits you but does no damage.
You punch Grinder!
Grinder is heavily wounded.
Grinder gestures at you. Pain shoots through your body!
You die...

... .. ...#####..
.......?.# ........+
##+#......# #..#......#
#### #..#.....5#
...######..#....@.####+#
.......#...#............
.......#...#............
#'###..###'#............
....#'##................
............#'##########
............#....#
............#....#
####........#....#


You could see Grinder.

Vanquished Creatures
  A scorpion (D:3)
  A hound (D:3)
  Ijyb (D:3)
  A worker ant (D:4)
  4 gnolls (D:3)
  3 adders
  A worm (D:2)
  3 giant geckos (D:2)
  An orc (D:3)
  A ball python (D:3)
  2 giant cockroaches
  2 hobgoblins (D:1)
  5 jackals (D:1)
  12 kobolds
  A quokka (D:2)
  7 bats
  A giant gecko skeleton (D:4)
  6 giant newts
  11 goblins
  4 rats
68 creatures vanquished.

Notes
Turn   | Place    | Note
--------------------------------------------------------------
     0 | D:1      | lucasterio the Minotaur Monk began the quest for the Orb.
     0 | D:1      | Reached XP level 1. HP: 19/19 MP: 0/0
   209 | D:1      | Reached XP level 2. HP: 13/27 MP: 1/1
   571 | D:1      | Reached skill level 5 in Unarmed Combat
  1054 | D:2      | Reached XP level 3. HP: 24/33 MP: 2/2
  2037 | D:3      | Found a burning altar of Makhleb.
  2047 | D:3      | Reached XP level 4. HP: 27/41 MP: 3/3
  2054 | D:3      | Became a worshipper of Makhleb the Destroyer
  2054 | D:3      | Reached * piety under Makhleb
  2054 | D:3      | Reached ** piety under Makhleb
  2078 | D:3      | Noticed a scorpion
  2090 | D:3      | Killed a scorpion
  2090 | D:3      | Reached skill level 5 in Fighting
  2090 | D:3      | Reached skill level 6 in Unarmed Combat
  2090 | D:3      | Reached XP level 5. HP: 30/48 MP: 4/4
  2189 | D:3      | Found a glowing golden altar of the Shining One.
  2569 | D:3      | Noticed Ijyb
  2598 | D:3      | Killed Ijyb
  2598 | D:3      | Reached skill level 1 in Invocations
  2929 | D:3      | Found an ancient bone altar of Kikubaaqudgha.
  2934 | D:3      | Found an iron altar of Okawaru.
  3130 | D:4      | Noticed Grinder
  3144 | D:4      | Killed from afar by Grinder

Action                   |  1- 3 |  4- 6 || total
-------------------------+-------+-------++-------
Melee: Unarmed           |   107 |    71 ||   178
Invok: Minor Destruction |       |     3 ||     3
 Stab: Sleeping          |     2 |       ||     2
  Eat: Chunk             |     3 |     4 ||     7
